 Dungeon Crawl Stone Soup version 0.22-a0-447-gee5f723 (webtiles) character file.

86 Sergey the Ruffian (level 4, 0/38 HPs)
             Began as a Minotaur Transmuter on June 3, 2018.
             Slain by an orc priest
             ... wielding a +0 dagger
              (2 damage)
             ... on level 4 of the Dungeon.
             The game lasted 00:06:13 (725 turns).

Sergey the Ruffian (Minotaur Transmuter)             Turns: 725, Time: 00:06:14

Health: 0/38       AC:  2    Str: 15    XL:     4   Next: 27%
Magic:  1/6        EV: 12    Int: 11    God:
Gold:   120        SH:  0    Dex: 10    Spells: 4/7 levels left

rFire    . . .     SeeInvis .     - Unarmed
rCold    + . .     Gourm    .   (no shield)
rNeg     . . .     Faith    .   b - +0 robe
rPois    .         Spirit   .   (helmet restricted)
rElec    .         Reflect  .   (no cloak)
rCorr    .         Harm     .   (no gloves)
MR       .....                  (boots currently unavailable)
Stlth    +.........             (no amulet)
HPRegen  0.12/turn              (no ring)
MPRegen  0.10/turn              (no ring)

@: appendage (expiring)
A: retaliatory headbutt, horns 2, talons 3, cold resistance 1, robust 1
a: End Transformation


You were on level 4 of the Dungeon.
You were not hungry.
You had grown temporary talons.
You visited 1 branch of the dungeon, and saw 4 of its levels.

You collected 120 gold pieces.

Inventory:

Missiles
 a - 31 arrows
 g - 20 sling bullets
Armour
 b - a +0 robe (worn)
 l - a +0 pair of boots
Scrolls
 c - a scroll of immolation {unknown}
 h - a scroll of teleportation {unknown}
 i - a scroll of enchant weapon {unknown}
Potions
 j - a potion of flight
Comestibles
 d - 2 rations
 f - 6 chunks of flesh


   Skills:
 - Level 1.2 Fighting
 - Level 2.1 Dodging
 * Level 4.6 Unarmed Combat
 + Level 2.0 Spellcasting
 + Level 2.3 Transmutations


You had 4 spell levels left.
You knew the following spells:

 Your Spells              Type           Power        Failure   Level  Hunger
a - Beastly Appendage     Tmut           #.....       12%         1    ##.....
b - Sticks to Snakes      Tmut           #.......     17%         2    ###....

Your spell library contained the following spells:

 Spells                   Type           Power        Failure   Level  Hunger
 Spider Form              Tmut/Pois      #.........   50%         3    ####...
 Blade Hands              Tmut           #.........   97%         5    ######.
 Ice Form                 Ice/Tmut       #.......     88%         4    #####..


Dungeon Overview and Level Annotations

Branches:
Dungeon (4/15)
 Temple: D:4-7

Altars:

Annotations:
D:3 jerryfan's ghost, amateur GnAM


Innate Abilities, Weirdness & Mutations

You reflexively headbutt those who attack you in melee.
You have a pair of horns on your head.
You have claws for feet.
Your flesh is cold resistant. (rC+)
You are robust. (+10% HP)


Message History

Your kick misses the orc priest.
The orc priest is lightly wounded.
The orc priest hits you with a dagger! The orc barely misses you.
The orc hits you.
You barely miss the orc priest. Your kick misses the orc priest.
You headbutt the orc priest.
The orc priest is moderately wounded.
The orc priest hits you with a dagger.
* * * LOW HITPOINT WARNING * * *
You closely miss the orc priest. You claw the orc priest!
The orc priest is severely wounded.
The orc misses you. The orc closely misses you.
The orc priest hits you with a dagger.
* * * LOW HITPOINT WARNING * * *
You closely miss the orc priest.
The orc priest is severely wounded.
The orc barely misses you. The orc hits you with a mace.
* * * LOW HITPOINT WARNING * * *
The orc priest hits you with a dagger.
You die...

.... ....... ...... ....
....... ....... .....# ......o
#...$.. ##.....#
.....oo###...### ..#....#
####### #).......#
..#....####....o###o.......#
..#..............oo........#
..#............)###......(.#
................o@#...<....+
................oo#........#
...........###....#......(.#
######.....#########....#..#
#####.......######.....#..#.#
.............................#
.............................#
.....................#.......#
.....................#.......#


You could see an orc priest and 2 orcs.

Vanquished Creatures
  A worker ant (D:4)
  An adder (D:4)
  2 worms (D:3)
  3 leopard geckos
  5 orcs (D:4)
  6 bats
  5 hobgoblins
  4 frilled lizards
  5 goblins
  A kobold (D:1)
  3 rats
36 creatures vanquished.

Vanquished Creatures (collateral kills)
  An adder (D:2)
1 creature vanquished.

Grand Total: 37 creatures vanquished

Notes
Turn   | Place    | Note
-------+----------+-------------------------------------------
     0 | D:1      | Sergey the Minotaur Transmuter began the quest for the Orb.
     0 | D:1      | Reached XP level 1. HP: 16/16 MP: 1/1
    89 | D:2      | Reached XP level 2. HP: 12/23 MP: 1/3
   104 | D:2      | Learned a level 2 spell: Sticks to Snakes
   159 | D:3      | Noticed jerryfan's ghost (amateur GnAM)
   317 | D:1      | Reached skill level 4 in Unarmed Combat
   350 | D:1      | You fall through a shaft!
   397 | D:2      | Reached XP level 3. HP: 19/28 MP: 0/4
   447 | D:2      | You fall through a shaft for 2 floors!
   453 | D:4      | Gained mutation: Your flesh is cold resistant. (rC+) [potion of mutation]
   453 | D:4      | Gained mutation: You are robust. (+10% HP) [potion of mutation]
   692 | D:4      | Reached XP level 4. HP: 33/38 MP: 0/5
   725 | D:4      | Slain by an orc priest

Vault maps used:
D:1:      dpeg_arrival_ternary
D:2:      minmay_pentomino_z2
D:3:      corexii_shack, uniq_sigmund
D:4:      lemuel_blue_sif_altar, uniq_duvessa

Skill      XL: |  1  2  3  4 |
---------------+-------------+-----
Unarmed Combat | 4 |  4.6
Transmutations | 2 |  2.3
Spellcasting   | 2 |  2.0
Fighting       | |  1.2
Dodging        | |  2.1

Action                   |  1- 3 |  4- 6 || total
-------------------------+-------+-------++-------
Melee: Unarmed           |    77 |    13 ||    90
       Kick              |    11 |     4 ||    15
       Headbutt          |    11 |     1 ||    12
 Cast: Beastly Appendage |    14 |     2 ||    16
       Sticks to Snakes  |     4 |       ||     4
  Use: Scroll            |     3 |       ||     3
       Potion            |     2 |     2 ||     4
 Stab: Distracted        |     1 |       ||     1
Armor: Robe              |    12 |     2 ||    14
Dodge: Dodged            |    34 |    11 ||    45

Table legend:
 A = Spawn XP
 B = Non-spawn XP
 C = Spawn XP percentage of total XP
 D = Spawn monster count
 E = Non-spawn monster count
 F = Spawn count percentage of total count
 G = Total turns spent on level
                    A         B        C        D         E        F      G
               +---------+---------+-------+---------+---------+-------+---------
         Total |       0 |     124 |   0.0 |       0 |      37 |   0.0 |   725
               +---------+---------+-------+---------+---------+-------+---------
           D:1 |       0 |      15 |   0.0 |       0 |       9 |   0.0 |   141
           D:2 |       0 |      25 |   0.0 |       0 |      10 |   0.0 |   254
           D:3 |       0 |      23 |   0.0 |       0 |      10 |   0.0 |   191
           D:4 |       0 |      61 |   0.0 |       0 |       8 |   0.0 |   139
               +---------+---------+-------+---------+---------+-------+---------
